[Event "Team 45 45 League T51"]
[Site "Internet Chess Club"]
[Date "2011.11.11"]
[Round "1"]
[White "alexping"]
[Black "JustinSane"]
[Result "0-1"]
[WhiteElo "1929"]
[BlackElo "2147"]
[Opening "QGD: classical variation (5.Bf4)"]
[ECO "D37"]
[Time "12:34:42"]
[TimeControl "2700+45"]

1. d4 d5 2. c4 e6 3. Nf3 Nf6 4. Nc3 Be7 5. Bf4 O-O 6. e3 b6 7. Bd3 Nc6 8. a3 Bd6
9. Bg5 dxc4 10. Bxc4 h6 11. Bh4 Na5 12. Ba2 c5 13. Bxf6 gxf6 14. dxc5 bxc5 15.
Ne4 Be7 16. O-O Qb6 17. Qc2 Rb8 18. Qc3 e5 19. Nxc5 Qxc5 20. Qxc5 Bxc5 21. b4
Be7 22. bxa5 Rb2 23. Bc4 Be6 24. Bxe6 fxe6 25. Rfc1 Rfb8 26. g3 R8b7 27. Kg2 Kf7
28. Rc4 R7b5 29. Rd1 Rd5 30. Rxd5 exd5 31. Rc7 a6 32. Ra7 Ra2 33. Rxa6 Rxa3 34.
Ra7 Ke6 35. a6 Ra2 36. g4 Bc5 37. Rc7 Bxe3 38. Rc6+ Ke7 39. Nh4 Bxf2 40. Nf5+
Kf7 41. Nxh6+ Kg6 42. Ng8 Bh4+ 43. Kh3 Kg5 44. Nxf6 Ra3+ 45. Kg2 d4 46. h3 Kf4
47. Nd5+ Ke4 48. Rd6 Ra2+ 49. Kh1 Kf3 {White forfeits on time} 0-1

[Event "Team 45 45 League T51"]
[Site "Internet Chess Club"]
[Date "2011.11.15"]
[Round "1"]
[White "LoseOften"]
[Black "misuc56"]
[Result "0-1"]
[WhiteElo "1711"]
[BlackElo "1852"]
[Opening "Sicilian defense"]
[ECO "B32"]
[Time "15:00:09"]
[TimeControl "2700+45"]

1. e4 c5 2. Nf3 Nc6 3. d4 cxd4 4. Nxd4 d6 5. Nc3 g6 6. Be3 Bg7 7. f3 Bd7 8. Qd2
a6 9. Nd5 Rb8 10. g4 Nf6 11. Bc4 Ne5 12. Be2 b5 13. Bh6 Bxh6 14. Nxf6+ exf6 15.
Qxh6 Ke7 16. O-O-O Qf8 17. Qd2 Rb6 18. Rhe1 Qb8 19. g5 fxg5 20. Qxg5+ f6 21. Qh6
Qf8 22. Qe3 Qb8 23. Qh6 Kf7 24. h4 Nc6 25. f4 Nxd4 26. Rxd4 Qf8 27. Qxf8+ Rxf8
28. h5 Be6 29. hxg6+ hxg6 30. Rh1 Kg7 31. Rhd1 Rd8 32. e5 fxe5 33. fxe5 d5 34.
Bf3 Kf7 35. Rf4+ Ke7 36. Rf6 Rc6 37. Rxg6 Rxc2+ 38. Kxc2 Bf5+ 39. Kb3 Bxg6 40.
Kb4 Ke6 41. Ka5 Kxe5 42. Kxa6 d4 43. b3 Kf4 44. Bc6 Bc2 45. Rf1+ Ke3 46. Bxb5
Ra8+ 47. Kb6 Rb8+ 48. Kc5 Rxb5+ 49. Kxb5 Bd3+ {White resigns} 0-1

[Event "Team 45 45 League T51"]
[Site "Internet Chess Club"]
[Date "2011.11.13"]
[Round "1"]
[White "MontanaSky"]
[Black "JWB"]
[Result "1/2-1/2"]
[WhiteElo "1744"]
[BlackElo "1648"]
[Opening "King's Indian: 3.g3"]
[ECO "E62"]
[Time "11:00:36"]
[TimeControl "2700+45"]

1. d4 Nf6 2. c4 g6 3. g3 Bg7 4. Bg2 O-O 5. Nc3 d6 6. Nf3 c6 7. O-O Qc7 8. e4 e5
9. dxe5 dxe5 10. Qe2 a5 11. Be3 Na6 12. h3 h6 13. Rac1 Qe7 14. Rfd1 Nc5 15. Ne1
Be6 16. b3 Rfd8 17. Nd3 Nxd3 18. Rxd3 Rxd3 19. Qxd3 Rd8 20. Qe2 Rd7 21. Na4 Rd8
22. Bb6 Re8 23. Bxa5 Nd7 24. Rd1 Ra8 25. Qd2 Bf8 26. Nb6 Nxb6 27. Bxb6 Qa3 28.
Bc7 Qxa2 29. Qxa2 Rxa2 30. Bxe5 Bg7 31. Rd8+ Kh7 32. Bxg7 Kxg7 33. Rd3 Ra3 34.
Rc3 b5 35. c5 Bxb3 36. e5 Ra1+ 37. Kh2 Bd5 38. Bxd5 cxd5 39. c6 Ra8 40. c7 Rc8
41. Rc5 d4 42. Rxb5 Rxc7 43. Rd5 Rc2 44. Kg2 Rc4 45. Kf3 Rc3+ 46. Ke4 Rc2 47. f4
Rc3 48. Rxd4 Rxg3 49. Rd3 Rg1 50. Re3 Rf1 51. Rg3 h5 52. Rf3 Re1+ 53. Re3 Rf1
54. Rg3 Re1+ {Game drawn by mutual agreement} 1/2-1/2

[Event "Team 45 45 League T51"]
[Site "Internet Chess Club"]
[Date "2011.11.10"]
[Round "1"]
[White "fireball"]
[Black "rubo"]
[Result "0-1"]
[WhiteElo "1690"]
[BlackElo "1687"]
[Opening "KGD: Falkbeer, 3...e4"]
[ECO "C32"]
[Time "21:00:38"]
[TimeControl "2700+45"]

1. e4 e5 2. f4 d5 3. exd5 e4 4. Bc4 Bc5 5. d4 exd3 6. Qxd3 Nf6 7. Nc3 O-O 8. Bd2
Re8+ 9. Kd1 Bg4+ 10. Nf3 c6 11. dxc6 Nxc6 12. Qxd8 Raxd8 13. Kc1 Bxf3 14. gxf3
Nd4 15. Rf1 a6 16. a4 Nf5 17. Bd3 Ne3 18. Bxe3 Bxe3+ 19. Kb1 Bxf4 20. h3 g6 21.
a5 Re5 22. Ra4 Bd2 23. Ne4 Nxe4 24. Bxe4 Rb5 25. Rd1 Bxa5 26. Rxd8+ Bxd8 27. b3
a5 28. Rd4 Bf6 29. Rd7 b6 30. Rd6 Kg7 31. Rd5 Rb4 32. Kc1 a4 33. bxa4 Rxa4 34.
Rb5 Bd4 35. Rb3 f5 36. Bd5 Kf6 37. Bc6 Ra1+ 38. Kd2 f4 39. Kd3 Be3 40. Bd7 Rd1+
41. Kc4 Rxd7 {White resigns} 0-1

[Event "Team 45 45 League T51"]
[Site "Internet Chess Club"]
[Date "2011.11.13"]
[Round "1"]
[White "CaoCao"]
[Black "Boromir"]
[Result "1/2-1/2"]
[WhiteElo "1905"]
[BlackElo "1927"]
[Opening "King's pawn opening"]
[ECO "B07"]
[Time "16:03:08"]
[TimeControl "2700+45"]

1. e4 d6 2. d4 g6 3. Nf3 Bg7 4. h3 Bd7 5. Nc3 e6 6. Bg5 Ne7 7. Qd2 a6 8. O-O-O
b5 9. Bh6 O-O 10. Bxg7 Kxg7 11. d5 e5 12. h4 h5 13. Ng5 b4 14. Ne2 a5 15. f3 Rh8
16. Kb1 f6 17. Nh3 Na6 18. Nc1 Nc5 19. Nd3 Nxd3 20. Bxd3 Rb8 21. Nf2 a4 22. g4
b3 23. cxb3 axb3 24. a3 c5 25. gxh5 Rxh5 26. Rdg1 Kf7 27. Be2 Qh8 28. f4 Rxh4
29. fxe5 fxe5 30. Qg5 Rxh1 31. Rxh1 Qg7 32. Bg4 Bxg4 33. Nxg4 Rf8 34. Qe3 Ke8
35. Qxb3 Qf7 36. Qb8+ Kd7 37. Qb7+ Kd8 {Game drawn by mutual agreement} 1/2-1/2

[Event "Team 45 45 League T51"]
[Site "Internet Chess Club"]
[Date "2011.11.09"]
[Round "1"]
[White "BuddyT"]
[Black "RamRock"]
[Result "1-0"]
[WhiteElo "1839"]
[BlackElo "1842"]
[Opening "Dutch"]
[ECO "A80"]
[Time "20:20:41"]
[TimeControl "2700+45"]

1. d4 f5 2. Nc3 Nf6 3. Bg5 e6 4. e4 fxe4 5. Nxe4 Be7 6. Bxf6 Bxf6 7. Nf3 O-O 8.
Qd2 d6 9. O-O-O b6 10. Bd3 Bb7 11. Rhe1 Nc6 12. c3 e5 13. Nxf6+ Qxf6 14. dxe5
Nxe5 15. Nxe5 dxe5 16. f3 Rad8 17. Qc2 g6 18. Kb1 Rd6 19. Qa4 a5 20. Qb5 c5 21.
Bc2 Rfd8 22. Rxd6 Qxd6 23. Qe2 Kf7 24. Rd1 Qe7 25. Rxd8 Qxd8 26. Qxe5 Qe7 27.
Bb3+ Ke8 28. Qb8+ Qd8 29. Ba4+ Ke7 30. Qxb7+ Kf6 31. Qxh7 b5 32. Qh4+ g5 33.
Qh6+ Kf5 34. Bc2+ Kf4 35. Qc6 Qe7 36. Qe4+ {Black resigns} 1-0

[Event "Team 45 45 League T51"]
[Site "Internet Chess Club"]
[Date "2011.11.13"]
[Round "1"]
[White "hewdondada"]
[Black "crimsonviper"]
[Result "1-0"]
[WhiteElo "1741"]
[BlackElo "1902"]
[Opening "QGD semi-Slav"]
[ECO "D43"]
[Time "21:44:50"]
[TimeControl "2700+45"]

1. d4 d5 2. c4 c6 3. Nf3 Nf6 4. Nc3 e6 5. cxd5 exd5 6. Bg5 Bd6 7. Qc2 O-O 8. e3
Nbd7 9. Bd3 Qc7 10. Rc1 h6 11. Bh4 Re8 12. O-O Ng4 13. h3 Nh2 14. Nxh2 Bxh2+ 15.
Kh1 Bd6 16. Nb5 cxb5 17. Qxc7 Bxc7 18. Rxc7 a6 19. Rfc1 Nb6 20. b3 b4 21. Be2 a5
22. Bb5 Re4 23. Be7 Rb8 24. Bd6 Re6 25. Be5 Ra8 26. f4 f6 27. f5 Rxe5 28. dxe5
fxe5 29. g4 {Black resigns} 1-0

[Event "Team 45 45 League T51"]
[Site "Internet Chess Club"]
[Date "2011.11.11"]
[Round "1"]
[White "TerryMalloy"]
[Black "Cadaz"]
[Result "1-0"]
[WhiteElo "2074"]
[BlackElo "1614"]
[Opening "Sicilian: Najdorf, 7.f4"]
[ECO "B96"]
[Time "13:31:02"]
[TimeControl "2700+45"]

1. e4 c5 2. Nf3 d6 3. d4 cxd4 4. Nxd4 Nf6 5. Nc3 a6 6. Bg5 e6 7. f4 Nbd7 8. Qf3
Be7 9. O-O-O O-O 10. g4 h6 11. h4 Qb6 12. Bg2 Nc5 13. f5 a5 14. Bxh6 gxh6 15. g5
Kh7 16. gxf6 Bxf6 17. Ndb5 Be5 18. fxe6 Bxe6 19. Bh3 Rg8 20. Bf5+ Kh8 21. Qh5
Rg7 22. Qxh6+ Kg8 23. h5 Re8 24. Qd2 Bxf5 25. exf5 Ne4 26. Nxe4 Bxb2+ 27. Kxb2
Qxb5+ 28. Ka1 Rxe4 29. Qxd6 Kh7 30. Rd5 Qc4 31. Rc5 Qb4 32. c3 Qa3 33. Rc6 Qa4
34. Qh6+ Kg8 35. Rd6 Re2 36. Rd8+ Re8 37. Rhd1 Rh7 38. Rg1+ {Black resigns} 1-0

[Event "Team 45 45 League T51"]
[Site "Internet Chess Club"]
[Date "2011.11.13"]
[Round "1"]
[White "makramkozman"]
[Black "Topschach"]
[Result "0-1"]
[WhiteElo "1587"]
[BlackElo "1755"]
[Opening "English opening"]
[ECO "A20"]
[Time "07:00:53"]
[TimeControl "2700+45"]

1. c4 e5 2. g3 Nc6 3. Bg2 Nf6 4. Nc3 Bb4 5. Nf3 Bxc3 6. bxc3 h6 7. d4 e4 8. Ne5
Nxe5 9. dxe5 Ng4 10. Qd4 Qe7 11. Bf4 g5 12. e6 Qf6 13. exf7+ Kxf7 14. Bxc7 Re8
15. c5 b6 16. Qd5+ Kg7 17. O-O Ba6 18. c4 Rac8 19. Qxd7+ Re7 20. Qxg4 Rcxc7 21.
cxb6 axb6 22. Rab1 Rxc4 23. h4 Rc2 24. hxg5 hxg5 25. Rfe1 Bc8 26. Qh5 Ba6 27. a4
Bd3 28. Rxb6 Qxb6 29. Qxg5+ Kf7 30. a5 Qf6 31. Qxf6+ Kxf6 32. exd3 exd3 33. Rxe7
Kxe7 34. Be4 Rc1+ 35. Kg2 d2 36. Bf3 d1=Q 37. Bxd1 Rxd1 38. f4 Ra1 39. g4 Rxa5
40. Kg3 Kf6 41. Kh4 Ra4 42. Kg3 Kg6 43. Kf3 Kf6 44. Kg3 Ra3+ 45. Kh4 Kg6 46. f5+
Kf6 {White resigns} 0-1

[Event "Team 45 45 League T51"]
[Site "Internet Chess Club"]
[Date "2011.11.13"]
[Round "1"]
[White "Buford-Julep"]
[Black "mrneale"]
[Result "1-0"]
[WhiteElo "1721"]
[BlackElo "1445"]
[Opening "Ruy Lopez: Berlin defense, Beverwijk variation"]
[ECO "C65"]
[Time "16:03:47"]
[TimeControl "2700+45"]

1. e4 e5 2. Nf3 Nc6 3. Bb5 Nf6 4. O-O Bc5 5. c3 O-O 6. Re1 a6 7. Bxc6 bxc6 8.
Nxe5 Re8 9. d4 Bd6 10. Nxf7 Qe7 11. Nxd6 cxd6 12. Bg5 Qf7 13. Nd2 Rb8 14. Qf3
Rb5 15. Bxf6 Qxf6 16. Qxf6 gxf6 17. Nc4 Rg5 18. Nxd6 Rf8 19. f4 Rg6 20. e5 fxe5
21. fxe5 a5 22. Nxc8 Rxc8 23. Rf1 Rb8 24. b3 d6 25. exd6 Rxd6 26. Rf5 a4 27. b4
Rb5 28. Raf1 Kg7 29. Rxb5 cxb5 30. Rf5 Rb6 31. Kf2 Kg6 32. Rf3 Rf6 33. Rxf6+
Kxf6 34. Kf3 h5 35. Kf4 a3 36. g3 Ke6 37. Ke4 Kd6 38. h3 Ke6 39. g4 {Black
resigns} 1-0

[Event "Team 45 45 League T51"]
[Site "Internet Chess Club"]
[Date "2011.11.13"]
[Round "1"]
[White "lechuguita"]
[Black "SirIvanhoe"]
[Result "1-0"]
[WhiteElo "1496"]
[BlackElo "1497"]
[Opening "Caro-Kann: classical, Spassky variation"]
[ECO "B19"]
[Time "14:02:12"]
[TimeControl "2700+45"]

1. e4 c6 2. d4 d5 3. Nc3 dxe4 4. Nxe4 Bf5 5. Ng3 Bg6 6. h4 h6 7. Nf3 Nd7 8. h5
Bh7 9. Bd3 Bxd3 10. Qxd3 e6 11. Bf4 Qa5+ 12. Bd2 Bb4 13. c3 Be7 14. c4 Qc7 15.
O-O-O Ngf6 16. Rh4 O-O 17. Kb1 Rfd8 18. Re1 Bd6 19. Ne4 Nxe4 20. Rhxe4 Nf6 21.
Rh4 Rab8 22. g4 Nh7 23. g5 Nxg5 24. Nxg5 hxg5 25. Bxg5 Be7 26. Bxe7 Qxe7 27. Rg4
f5 28. Rg6 Kf7 29. Reg1 Rg8 30. Qe3 Qh4 31. Qxe6+ Kf8 32. Re1 Rh8 33. Qd6+ Kf7
34. Qd7+ {Black resigns} 1-0

[Event "Team 45 45 League T51"]
[Site "Internet Chess Club"]
[Date "2011.11.12"]
[Round "1"]
[White "eurander"]
[Black "perikitosax"]
[Result "0-1"]
[WhiteElo "2167"]
[BlackElo "2011"]
[Opening "Alekhine's defense: modern, Larsen variation"]
[ECO "B04"]
[Time "13:06:29"]
[TimeControl "2700+45"]

1. e4 Nf6 2. e5 Nd5 3. d4 d6 4. Nf3 dxe5 5. Nxe5 c6 6. Bd3 Nd7 7. Nxd7 Bxd7 8.
c4 Nb6 9. b3 g6 10. Bb2 Bg7 11. Be4 Be6 12. Qd2 O-O 13. O-O Qd7 14. Na3 Rad8 15.
Rad1 Bf5 16. Bxf5 Qxf5 17. Nc2 Rd7 18. Ne3 Qf4 19. g3 Qf3 20. d5 Bxb2 21. Qxb2
cxd5 22. c5 Nc8 23. Rd3 Rfd8 24. Rfd1 Qh5 25. Rd4 Qe5 26. Qd2 e6 27. Ng4 Qg7 28.
Qg5 Kf8 29. Nf6 Re7 30. Rh4 h5 31. g4 d4 32. Kh1 e5 33. gxh5 Re6 34. Nh7+ Ke8
35. hxg6 Rxg6 36. Qh5 Ne7 37. f4 Nc6 38. fxe5 Qxe5 39. Qxe5+ Nxe5 40. Rhxd4 Rxd4
41. Rxd4 Ke7 42. Re4 f6 43. Rb4 Nf3 44. Rxb7+ Kd8 45. Rd7+ Ke8 46. Nxf6+ Rxf6
47. Rxa7 Rg6 48. Ra8+ Kf7 49. Ra7+ Ke8 50. Ra8+ Ke7 51. Ra7+ Kf8 52. Ra8+ Kg7
{White resigns} 0-1

[Event "Team 45 45 League T51"]
[Site "Internet Chess Club"]
[Date "2011.11.10"]
[Round "1"]
[White "VietLion"]
[Black "spunni"]
[Result "0-1"]
[WhiteElo "1920"]
[BlackElo "1962"]
[Opening "QGA: classical, Rubinstein variation"]
[ECO "D27"]
[Time "16:00:35"]
[TimeControl "2700+45"]

1. d4 d5 2. c4 dxc4 3. Nf3 Nf6 4. e3 e6 5. Bxc4 c5 6. O-O a6 7. a4 Nc6 8. Qe2
cxd4 9. Rd1 Be7 10. exd4 O-O 11. Nc3 Nd5 12. Ne5 Nxc3 13. bxc3 Nxe5 14. dxe5 Qc7
15. Qe4 Bd7 16. Bd3 g6 17. h4 Qxc3 18. Bh6 Rfd8 19. Rac1 Bc6 20. Qe2 Qa5 21. h5
Rd4 22. hxg6 hxg6 23. Bxg6 Rxd1+ 24. Rxd1 fxg6 25. Qg4 Qxe5 26. Qxg6+ Kh8 27.
Qf7 Qf6 28. Qh5 Be8 29. Qh2 Kg8 30. Qg3+ Qg6 31. Qh3 Qf5 32. Qg3+ Qg6 33. Qh3
Rd8 34. Re1 Bf7 35. Re3 Rd1+ 36. Kh2 Qh5 37. Rg3+ Kh8 38. Bg7+ Kh7 39. Be5 Bd6
40. Bxd6 Rxd6 41. Qxh5+ Bxh5 42. Rh3 Kg6 43. g4 Bxg4 {White resigns} 0-1

[Event "Team 45 45 League T51"]
[Site "Internet Chess Club"]
[Date "2011.11.13"]
[Round "1"]
[White "CapitanTrueno"]
[Black "subterfuge"]
[Result "1-0"]
[WhiteElo "1768"]
[BlackElo "1756"]
[Opening "Caro-Kann: Steinitz variation"]
[ECO "B17"]
[Time "19:28:08"]
[TimeControl "2700+45"]

1. e4 c6 2. d4 d5 3. Nc3 dxe4 4. Nxe4 Nd7 5. Nf3 Ngf6 6. Nxf6+ Nxf6 7. Be2 Bf5
8. O-O e6 9. h3 Bd6 10. Be3 Qc7 11. c4 O-O-O 12. Qa4 a6 13. b4 Kd7 14. b5 axb5
15. cxb5 Ke7 16. bxc6 bxc6 17. Rfc1 Be4 18. Bb5 Ra8 19. Qc4 Rhc8 20. Ba4 Bd5 21.
Qc2 Be4 22. Qc4 Qa5 23. Bb3 Ba3 24. Rd1 Rc7 25. Qe2 Qh5 26. Re1 Nd5 27. Ne5 Qxe2
28. Rxe2 Nc3 29. Rd2 Bd5 30. Rc2 Nb5 31. Nc4 Bb4 32. Rac1 Na3 33. Nb6 Ra5 34.
Nxd5+ exd5 35. Rxc6 Rxc6 36. Rxc6 Nb1 37. Rc2 Bd6 38. Kf1 Na3 39. Re2 Kf6 40.
Bd2 Rb5 41. Bc1 Nb1 42. Rc2 Bb4 43. Ke2 Nc3+ 44. Kd3 Ne4 45. f3 Ng3 46. Bf4 Nh5
47. Be5+ Ke6 48. Rc6+ Kd7 49. Rc7+ Ke6 50. Ba4 f6 51. Bxb5 fxe5 52. dxe5 Kxe5
53. Ke2 h6 54. a4 g6 55. Rc6 Nf4+ 56. Kd1 Nxg2 57. Rxg6 Ne3+ 58. Ke2 Nf5 59. Bd7
Nd4+ 60. Kd3 Nxf3 61. Rxh6 Bc5 62. a5 Kf4 63. Ke2 Nd4+ 64. Kd1 Nf3 65. Rh5 Ne5
66. Bb5 d4 67. a6 Ke3 68. Rxe5+ {Black resigns} 1-0

[Event "Team 45 45 League T51"]
[Site "Internet Chess Club"]
[Date "2011.11.13"]
[Round "1"]
[White "RedAttack"]
[Black "carokantor"]
[Result "0-1"]
[WhiteElo "1916"]
[BlackElo "2008"]
[Opening "Old Benoni defense"]
[ECO "A46"]
[Time "15:27:39"]
[TimeControl "2700+45"]

1. d4 Nf6 2. Nf3 c5 3. d5 d6 4. c3 Nbd7 5. Bg5 Qb6 6. b3 g6 7. Qd3 Bg7 8. e4 h6
9. Be3 Ng4 10. Nbd2 Nxe3 11. Qxe3 Qa5 12. Nb1 O-O 13. Be2 Nf6 14. h3 Nxe4 15. b4
cxb4 16. Qxe4 bxc3 17. O-O Bf5 18. Qe3 c2 19. Nbd2 Bxa1 20. Rxa1 Kh7 21. g4 Bd7
22. Bd3 Rac8 23. Nb3 Qxd5 24. Rc1 Rc3 25. Bxg6+ fxg6 26. Ng5+ hxg5 27. Qxc3 Bc6
28. f3 Rxf3 {White resigns} 0-1

[Event "Team 45 45 League T51"]
[Site "Internet Chess Club"]
[Date "2011.11.12"]
[Round "1"]
[White "HumanTornado"]
[Black "primerpaso"]
[Result "1/2-1/2"]
[WhiteElo "1975"]
[BlackElo "1882"]
[Opening "Queen's Indian: old main line, 7.Nc3"]
[ECO "E18"]
[Time "18:00:50"]
[TimeControl "2700+45"]

1. Nf3 Nf6 2. c4 e6 3. g3 b6 4. Bg2 Bb7 5. Nc3 Be7 6. O-O O-O 7. d4 d5 8. Ne5
Ne4 9. cxd5 exd5 10. Qc2 Nxc3 11. Qxc3 Bd6 12. Nd3 Re8 13. Re1 Nd7 14. Nb4 Nf6
15. Bg5 Ne4 16. Bxd8 Nxc3 17. bxc3 Bxb4 18. cxb4 Raxd8 19. Rac1 Re7 20. e3 f5
21. Bf1 Rd6 22. Bd3 g6 23. Rc3 Kf7 24. Rec1 c6 25. a4 Ke6 26. a5 b5 27. a6 Ba8
28. Rc5 Kd7 29. h4 h5 30. Kf1 Ke8 31. Ke2 Ree6 32. Kd2 Ke7 33. Bf1 Ke8 34. Bd3
Ke7 35. Ke2 Ke8 36. Kf3 Ke7 37. Kf4 Kf6 38. R1c2 Re8 39. R2c3 Rde6 40. Rc1 {Game
drawn by mutual agreement} 1/2-1/2

[Event "Team 45 45 League T51"]
[Site "Internet Chess Club"]
[Date "2011.11.12"]
[Round "1"]
[White "CaoCao"]
[Black "CamLeslie"]
[Result "1/2-1/2"]
[WhiteElo "1904"]
[BlackElo "1873"]
[Opening "Sicilian: accelerated fianchetto, modern variation with Bc4"]
[ECO "B35"]
[Time "22:30:09"]
[TimeControl "2700+45"]

1. e4 c5 2. Nf3 g6 3. d4 cxd4 4. Nxd4 Nc6 5. Be3 Bg7 6. Nc3 Nf6 7. Bc4 Qa5 8.
Nxc6 bxc6 9. f3 Nxe4 10. fxe4 Bxc3+ 11. Bd2 Bxd2+ 12. Qxd2 Qxd2+ 13. Kxd2 d6 14.
Raf1 f6 15. h4 a5 16. Rf4 Ba6 17. Be6 Bc8 18. Bc4 Kd7 19. g4 Ba6 20. Bxa6 Rxa6
21. g5 Rf8 22. h5 Raa8 23. gxf6 Rxf6 24. Rxf6 exf6 25. hxg6 hxg6 26. Rh6 Rg8 27.
Rh7+ Ke6 28. Ra7 g5 29. Ke3 g4 30. Kf2 Rg5 31. Kg3 Rc5 32. c3 Rc4 33. Kxg4 a4
34. Kf3 d5 35. exd5+ cxd5 36. Ra8 Kf5 37. Rd8 Ke5 38. Re8+ Kf5 39. Rd8 Ke6 40.
Ra8 Kf5 {Game drawn by mutual agreement} 1/2-1/2

[Event "Team 45 45 League T51"]
[Site "Internet Chess Club"]
[Date "2011.11.13"]
[Round "1"]
[White "BuddyT"]
[Black "frank001"]
[Result "1-0"]
[WhiteElo "1849"]
[BlackElo "1699"]
[Opening "Neo-Grünfeld defense"]
[ECO "D70"]
[Time "21:02:08"]
[TimeControl "2700+45"]

1. d4 Nf6 2. Nf3 g6 3. c4 d5 4. cxd5 Nxd5 5. e4 Nf6 6. Nc3 Bg7 7. Be2 O-O 8. O-O
a6 9. a4 b6 10. h3 Bb7 11. Qc2 Nbd7 12. Rd1 h6 13. Be3 Re8 14. Rac1 c6 15. b4
Qc7 16. Qb3 Rac8 17. e5 Nh7 18. e6 fxe6 19. Qxe6+ Kh8 20. Qxg6 Ndf8 21. Qb1 Qd6
22. Ne4 Qd5 23. Bc4 Qf5 24. Nh4 Qh5 25. Nf3 Nf6 26. Ng3 Qg6 27. Qxg6 Nxg6 28.
Bf7 Kh7 29. Bxe8 Rxe8 30. Nf5 Bf8 31. Ne5 Nxe5 32. dxe5 Nd5 33. Bd2 Kg6 34. Ne3
Nf4 35. Kf1 b5 36. a5 Bg7 37. Bc3 Bc8 38. Ba1 Bb7 39. Rd7 Ba8 40. Rcd1 Ne6 41.
Ra7 c5 42. Rxa6 Kf7 43. bxc5 Nxc5 44. Rb6 e6 45. Rxb5 Ne4 46. Rd7+ Kg6 47. Rb6
Bf8 48. f4 Bc5 49. Rxe6+ Rxe6 50. f5+ Kg5 51. fxe6 Bxe3 52. e7 Ng3+ 53. Ke1 Bxg2
54. e8=Q {Black resigns} 1-0

[Event "Team 45 45 League T51"]
[Site "Internet Chess Club"]
[Date "2011.11.13"]
[Round "1"]
[White "Greedy-Reedy"]
[Black "bobhill"]
[Result "1-0"]
[WhiteElo "2030"]
[BlackElo "2008"]
[Opening "Sicilian: Alapin's variation (2.c3)"]
[ECO "B22"]
[Time "13:00:23"]
[TimeControl "2700+45"]

1. e4 c5 2. c3 d5 3. exd5 Qxd5 4. d4 Nf6 5. Nf3 Bg4 6. Be2 e6 7. h3 Bf5 8. O-O
Nc6 9. Be3 cxd4 10. Nxd4 Nxd4 11. Bxd4 Be7 12. Qa4+ Nd7 13. Bxg7 Rg8 14. Rd1
Qxd1+ 15. Bxd1 Rxg7 16. Bf3 Rd8 17. g4 Kf8 18. Na3 Nc5 19. Qxa7 Nd3 20. b4 Bh4
21. Qxb7 Bxf2+ 22. Kf1 h5 23. Rd1 hxg4 24. hxg4 Bxg4 25. Bxg4 Rxg4 26. Rxd3 Rxd3
27. Kxf2 Rxc3 28. Qb8+ Ke7 29. Nb5 Rc2+ 30. Kf3 Rxb4 31. Qd6+ {Black resigns}
1-0

[Event "Team 45 45 League T51"]
[Site "Internet Chess Club"]
[Date "2011.11.13"]
[Round "1"]
[White "Beetlejuice"]
[Black "DARKwizard1"]
[Result "0-1"]
[WhiteElo "1820"]
[BlackElo "2102"]
[Opening "Queen's pawn: Lundin (Kevitz-Mikenas) defense"]
[ECO "A40"]
[Time "10:02:09"]
[TimeControl "2700+45"]

1. d4 Nc6 2. d5 Ne5 3. e4 d6 4. c4 Nf6 5. Nc3 c6 6. h3 h5 7. Be3 e6 8. dxc6 bxc6
9. Bf4 Ng6 10. Bg5 Qa5 11. Qd2 Rb8 12. Nf3 Nd7 13. Be2 Nde5 14. O-O Nxf3+ 15.
Bxf3 Ne5 16. Be2 f6 17. Be3 Be7 18. b3 a6 19. f4 Nf7 20. Rac1 O-O 21. Bxh5 Qxh5
22. Kh2 Nh6 23. Rg1 e5 24. Ne2 Ng4+ 25. Kh1 Qh7 26. f5 g6 27. fxg6 Qh5 28. Ng3
Qxg6 29. hxg4 Qxg4 30. Nf1 Kf7 31. g3 Qxe4+ 32. Rg2 Bh3 33. Re1 Rh8 34. Kg1 Bxg2
35. Qxg2 Qxg2+ 36. Kxg2 d5 {White resigns} 0-1

[Event "Team 45 45 League T51"]
[Site "Internet Chess Club"]
[Date "2011.11.14"]
[Round "1"]
[White "achessman"]
[Black "bgolev"]
[Result "1-0"]
[WhiteElo "1953"]
[BlackElo "1850"]
[Opening "Ruy Lopez: Worrall attack, sharp line"]
[ECO "C86"]
[Time "21:06:43"]
[TimeControl "2700+45"]

1. e4 e5 2. Nf3 Nc6 3. Bb5 a6 4. Ba4 Nf6 5. O-O Be7 6. Qe2 b5 7. Bb3 O-O 8. a4
b4 9. a5 d6 10. Bc4 d5 11. exd5 Nxd5 12. Nxe5 Nxe5 13. Qxe5 c6 14. d3 Bf6 15.
Qh5 g6 16. Qf3 Be5 17. Nd2 Bb7 18. Nb3 Qd6 19. d4 Bxh2+ 20. Kh1 Bf4 21. Nc5 Bc8
22. Bxd5 Bxc1 23. Bxc6 Bxb2 24. Bxa8 Qxd4 25. Nb3 Qh4+ 26. Kg1 Bg4 27. Qe4 Qh5
28. Rae1 Bf5 29. Qd5 Bf6 30. Bc6 Rd8 31. Re8+ Rxe8 32. Bxe8 {Black resigns} 1-0

[Event "Team 45 45 League T51"]
[Site "Internet Chess Club"]
[Date "2011.11.11"]
[Round "1"]
[White "room-matt"]
[Black "BigH"]
[Result "0-1"]
[WhiteElo "1665"]
[BlackElo "2265"]
[Opening "Sicilian: closed, 6.Be3"]
[ECO "B26"]
[Time "14:05:07"]
[TimeControl "2700+45"]

1. e4 c5 2. Nc3 d6 3. g3 Nc6 4. Bg2 g6 5. d3 Bg7 6. Be3 Rb8 7. Qd2 b5 8. Nge2 b4
9. Nd1 Nd4 10. Nxd4 cxd4 11. Bf4 e5 12. Bg5 f6 13. Bh4 g5 14. Bxg5 fxg5 15. O-O
Be6 16. f3 h6 17. a3 a5 18. axb4 axb4 19. Ra7 Ne7 20. Ra4 Qb6 21. f4 gxf4 22.
gxf4 exf4 23. Rxf4 Be5 24. Rf1 Kd7 25. Nf2 Rhg8 26. Rfa1 Nc6 27. Ra6 Qc5 28. Qe2
Rg5 29. Ra8 Rbg8 30. Rxg8 Rxg8 31. Kh1 Bf4 32. Nh3 Be3 33. Nf2 Qg5 34. Rg1 Qh4
35. Rf1 Bf4 36. Bh3 Ne5 37. Bxe6+ Kxe6 38. Nh3 Be3 39. Nf2 Qg5 40. Nh3 Qg4 41.
Qxg4+ Rxg4 42. Nf2 Bxf2 43. Rxf2 Ng6 44. h3 Rg5 45. Kh2 Ke5 46. b3 Nf4 47. h4
Rg4 48. h5 Rg5 {White resigns} 0-1

[Event "Team 45 45 League T51"]
[Site "Internet Chess Club"]
[Date "2011.11.15"]
[Round "1"]
[White "zeigmata"]
[Black "Y-ElGhazali"]
[Result "0-1"]
[WhiteElo "2249"]
[BlackElo "2251"]
[Opening "Sicilian: modern Scheveningen"]
[ECO "B58"]
[Time "15:45:16"]
[TimeControl "2700+45"]

1. e4 c5 2. Nf3 Nc6 3. d4 cxd4 4. Nxd4 Nf6 5. Nc3 d6 6. Be2 e6 7. O-O Be7 8. Be3
O-O 9. a4 a6 10. Nb3 Na5 11. Nxa5 Qxa5 12. Qd3 Bd7 13. f4 Rac8 14. Bf3 Bc6 15.
b4 Qc7 16. Rab1 Rfd8 17. b5 axb5 18. axb5 Be8 19. Rb3 Nd7 20. b6 Qb8 21. Rbb1
Nc5 22. Qd2 Bf6 23. Nb5 Bc6 24. Qb4 Na6 25. Qa3 Bxb5 26. Rxb5 Rxc2 27. Rd1 Rc3
28. Rb3 Rdc8 29. Rd3 Rxb3 30. Rxb3 Rc2 31. Rd3 Nc5 32. Qa7 Qc8 33. Rxd6 Be7 34.
Rd1 e5 35. Qa3 Bf8 36. fxe5 Ne6 37. Qd3 Rc3 38. Qd2 Rxe3 {White resigns} 0-1

[Event "Team 45 45 League T51"]
[Site "Internet Chess Club"]
[Date "2011.11.12"]
[Round "1"]
[White "M-Abotreka"]
[Black "NFork"]
[Result "1-0"]
[WhiteElo "2129"]
[BlackElo "2259"]
[Opening "Old Indian defense"]
[ECO "A42"]
[Time "02:03:30"]
[TimeControl "2700+45"]

1. d4 d6 2. c4 e5 3. Nf3 e4 4. Ng5 f5 5. Nh3 Nf6 6. Bg5 h6 7. Bxf6 Qxf6 8. Nf4
g5 9. Nh5 Qf7 10. e3 Nc6 11. Be2 Bd7 12. Nc3 O-O-O 13. Qd2 Be7 14. Nd5 Rde8 15.
b4 g4 16. Nhf4 Bg5 17. b5 Ne7 18. Qa5 Nxd5 19. Nxd5 Bxb5 20. Qxb5 c6 21. Qa5
cxd5 22. Qxa7 dxc4 23. O-O d5 24. Rab1 Qc7 25. Rfc1 Re6 26. Bxc4 dxc4 27. Qa8+
Kd7 28. Qxh8 f4 29. Rxc4 Qxc4 30. Rxb7+ Kc6 31. Qc8+ Kd5 32. Rd7+ {Black
resigns} 1-0

[Event "Team 45 45 League T51"]
[Site "Internet Chess Club"]
[Date "2011.11.12"]
[Round "1"]
[White "pentti63"]
[Black "frontier"]
[Result "1-0"]
[WhiteElo "2242"]
[BlackElo "1924"]
[Opening "Dutch defense"]
[ECO "A90"]
[Time "12:01:36"]
[TimeControl "2700+45"]

1. d4 f5 2. c4 Nf6 3. g3 e6 4. Bg2 d5 5. Nh3 c6 6. O-O Bd6 7. Bf4 O-O 8. Qc2 b6
9. Nd2 Ne4 10. Nxe4 fxe4 11. f3 Bxf4 12. Nxf4 exf3 13. Rxf3 Qd6 14. cxd5 exd5
15. Nxd5 Rxf3 16. Bxf3 Bb7 17. Nf4 Qxd4+ 18. Kg2 g5 19. Rd1 Qf6 20. Qc4+ Kf8 21.
Ne6+ Ke7 22. Nc7 Nd7 23. Nxa8 Bxa8 24. Qe4+ {Black resigns} 1-0